[ AOE2 MATCH · #505872327 ]
UnrankedHuns vs Mapuche
Player's team · WIN
Rival team · LOSS
[ REPLAY ANALYSIS · EXTRACTED FROM THE RECORDED GAME ]
Feudal
10:00
Castle
25:42
Imperial
46:08
| APM avg | 54.3 |
| APM peak | 95 |
| eAPM avg | 31.0 |
| Villagers / military | 177 / 183 |
Focus
⚔️ 35.1% · 🌾 64.9%
Skirmisher ×51 · Cavalry Archer ×48 · Knight ×16 · Scout Cavalry ×15 · Monk ×14 · Tarkan ×11
Feudal
10:16
Castle
27:17
Imperial
43:51
| APM avg | 81.5 |
| APM peak | 166 |
| eAPM avg | 32.6 |
| Villagers / military | 218 / 135 |
Focus
⚔️ 32.3% · 🌾 67.7%
Bolas Rider ×102 · Unknown (2550) ×33 · Archer ×20 · Monk ×6 · Spearman ×4 · Skirmisher ×2
Match map
Initial resources + every placement click. Lines = walls · curves = elevation contours. ◆ gold · ⬟ stone · ● berries · ✦ relic · ◌ wall gap
Your base· Open — unwalled flank
tomyam's base· Open — unwalled flank
Smoothed initial terrain · ◌ = detected wall gap · hover for details
Inputs per minute
— avlid - - tomyam
Build order — avlid
First 150 of 593 actions detected
| 0:12 | Build | Town Center |
| 1:35 | Create | Villager (Male) |
| 1:35 | Create | Villager (Male) |
| 1:35 | Create | Villager (Male) |
| 1:36 | Create | Villager (Male) |
| 2:43 | Create | Villager (Male) |
| 2:44 | Create | Villager (Male) |
| 3:48 | Create | Villager (Male) |
| 3:48 | Create | Villager (Male) |
| 3:48 | Create | Villager (Male) |
| 4:21 | Create | Villager (Male) |
| 4:22 | Create | Villager (Male) |
| 4:22 | Create | Villager (Male) |
| 5:04 | Build | Mill |
| 5:10 | Create | Villager (Male) |
| 5:11 | Create | Villager (Male) |
| 5:58 | Create | Villager (Male) |
| 6:02 | Create | Villager (Male) |
| 6:19 | Create | Villager (Male) |
| 6:20 | Create | Villager (Male) |
| 6:20 | Create | Villager (Male) |
| 6:40 | Create | Villager (Male) |
| 6:40 | Create | Villager (Male) |
| 6:51 | Build | Lumber Camp |
| 7:00 | Build | Palisade Wall |
| 7:05 | Build | Palisade Wall |
| 7:40 | Research | Loom |
| 7:47 | Research | Feudal Age |
| 8:33 | Build | Barracks |
| 8:46 | Build | Palisade Wall |
| 9:04 | Build | Palisade Wall |
| 9:36 | Create | Villager (Male) |
| 10:00 | Age | Feudal Age |
| 10:02 | Build | Stable |
| 10:05 | Build | Blacksmith |
| 10:14 | Create | Villager (Male) |
| 10:26 | Research | Town Watch |
| 10:27 | Research | Loom |
| 10:33 | Build | Palisade Wall |
| 10:45 | Create | Scout Cavalry |
| 10:52 | Research | Forging |
| 10:57 | Create | Villager (Male) |
| 11:06 | Create | Scout Cavalry |
| 11:17 | Build | Stable |
| 11:21 | Create | Villager (Male) |
| 11:30 | Create | Scout Cavalry |
| 11:41 | Build | Mining Camp |
| 11:52 | Create | Villager (Male) |
| 12:01 | Create | Scout Cavalry |
| 12:07 | Create | Scout Cavalry |
| 12:15 | Create | Scout Cavalry |
| 12:42 | Research | Fletching |
| 12:43 | Research | Fletching |
| 12:46 | Create | Villager (Male) |
| 13:06 | Build | Archery Range |
| 13:20 | Create | Villager (Male) |
| 13:41 | Create | Skirmisher |
| 13:42 | Create | Villager (Male) |
| 14:01 | Research | Padded Archer Armor |
| 14:08 | Create | Skirmisher |
| 14:08 | Create | Skirmisher |
| 14:12 | Create | Villager (Male) |
| 14:26 | Build | Mill |
| 14:31 | Create | Skirmisher |
| 15:04 | Create | Villager (Male) |
| 15:05 | Create | Skirmisher |
| 15:09 | Create | Skirmisher |
| 15:14 | Build | Palisade Wall |
| 15:18 | Build | Palisade Wall |
| 15:19 | Build | Palisade Wall |
| 15:26 | Create | Skirmisher |
| 15:28 | Create | Scout Cavalry |
| 15:39 | Create | Villager (Male) |
| 16:11 | Create | Villager (Male) |
| 16:25 | Create | Archer |
| 16:33 | Create | Villager (Male) |
| 16:36 | Create | Villager (Male) |
| 16:38 | Build | Market |
| 16:39 | Create | Villager (Male) |
| 16:40 | Create | Villager (Male) |
| 16:44 | Create | Archer |
| 16:46 | Create | Villager (Male) |
| 17:05 | Create | Archer |
| 17:06 | Create | Scout Cavalry |
| 17:07 | Create | Villager (Male) |
| 17:30 | Build | Watch Tower |
| 17:37 | Create | Villager (Male) |
| 17:51 | Research | Wheelbarrow |
| 17:54 | Build | Mill |
| 17:56 | Create | Archer |
| 18:08 | Build | Watch Tower |
| 18:14 | Create | Villager (Male) |
| 18:16 | Create | Archer |
| 18:34 | Build | Mill |
| 18:53 | Create | Villager (Male) |
| 19:08 | Create | Villager (Male) |
| 19:13 | Build | Mining Camp |
| 19:32 | Research | Bloodlines |
| 19:33 | Create | Villager (Male) |
| 19:34 | Create | Archer |
| 19:35 | Create | Archer |
| 19:40 | Create | Villager (Male) |
| 19:56 | Create | Scout Cavalry |
| 19:56 | Create | Scout Cavalry |
| 20:00 | Build | Farm |
| 20:34 | Create | Villager (Male) |
| 20:43 | Create | Villager (Male) |
| 20:45 | Build | Farm |
| 20:45 | Build | Farm |
| 20:45 | Build | Farm |
| 20:46 | Build | Farm |
| 21:16 | Build | Lumber Camp |
| 21:27 | Create | Villager (Male) |
| 21:36 | Build | Outpost |
| 21:37 | Build | Outpost |
| 21:52 | Create | Villager (Male) |
| 21:54 | Create | Villager (Male) |
| 21:58 | Build | Farm |
| 22:07 | Build | Palisade Wall |
| 22:10 | Build | Palisade Wall |
| 23:02 | Research | Castle Age |
| 23:03 | Research | Castle Age |
| 23:09 | Build | Watch Tower |
| 23:19 | Build | Mining Camp |
| 23:26 | Build | Palisade Wall |
| 23:29 | Build | Palisade Wall |
| 23:35 | Build | Palisade Wall |
| 23:51 | Research | Double-Bit Axe |
| 23:58 | Build | Gate |
| 24:11 | Research | Gold Mining |
| 24:15 | Create | Scout Cavalry |
| 24:15 | Create | Scout Cavalry |
| 24:21 | Build | Outpost |
| 24:33 | Create | Scout Cavalry |
| 24:33 | Create | Scout Cavalry |
| 25:06 | Create | Scout Cavalry |
| 25:13 | Build | Farm |
| 25:13 | Build | Farm |
| 25:15 | Build | Farm |
| 25:15 | Build | Farm |
| 25:16 | Build | Farm |
| 25:16 | Build | Farm |
| 25:16 | Build | Farm |
| 25:20 | Build | Outpost |
| 25:21 | Build | Outpost |
| 25:42 | Age | Castle Age |
| 25:57 | Research | Iron Casting |
| 26:10 | Research | Bodkin Arrow |
| 26:11 | Create | Villager (Male) |
| 26:11 | Create | Villager (Male) |
Build order — tomyam
First 150 of 581 actions detected
| 0:14 | Build | Town Center |
| 1:10 | Build | House |
| 1:50 | Create | Villager (Male) |
| 1:51 | Create | Villager (Male) |
| 1:51 | Create | Villager (Male) |
| 1:51 | Create | Villager (Male) |
| 2:50 | Create | Villager (Male) |
| 3:13 | Build | House |
| 3:27 | Create | Villager (Male) |
| 3:31 | Create | Villager (Male) |
| 4:08 | Create | Villager (Male) |
| 4:08 | Create | Villager (Male) |
| 4:41 | Create | Villager (Male) |
| 4:44 | Create | Villager (Male) |
| 5:09 | Create | Villager (Male) |
| 5:21 | Build | House |
| 5:21 | Create | Villager (Male) |
| 5:41 | Create | Villager (Male) |
| 5:49 | Create | Villager (Male) |
| 6:09 | Build | House |
| 6:14 | Build | Settlement |
| 7:34 | Research | Loom |
| 7:34 | Research | Feudal Age |
| 8:10 | Create | Villager (Male) |
| 8:36 | Build | Barracks |
| 8:46 | Create | Villager (Male) |
| 9:04 | Create | Villager (Male) |
| 10:16 | Age | Feudal Age |
| 10:19 | Build | Archery Range |
| 10:19 | Create | Villager (Male) |
| 10:25 | Research | Double-Bit Axe |
| 10:25 | Create | Villager (Male) |
| 10:42 | Build | House |
| 10:48 | Build | Palisade Wall |
| 10:50 | Create | Villager (Male) |
| 10:59 | Create | Archer |
| 11:02 | Create | Spearman |
| 11:10 | Build | Palisade Wall |
| 11:12 | Build | Palisade Wall |
| 11:13 | Create | Villager (Male) |
| 11:14 | Create | Archer |
| 11:18 | Create | Villager (Male) |
| 11:33 | Create | Villager (Male) |
| 11:34 | Create | Archer |
| 11:37 | Create | Spearman |
| 11:51 | Create | Archer |
| 12:08 | Create | Villager (Male) |
| 12:13 | Create | Archer |
| 12:38 | Create | Spearman |
| 12:40 | Create | Villager (Male) |
| 12:58 | Create | Villager (Male) |
| 12:58 | Create | Villager (Male) |
| 12:58 | Create | Villager (Male) |
| 13:22 | Create | Spearman |
| 13:24 | Build | House |
| 13:33 | Build | Palisade Wall |
| 13:43 | Build | House |
| 13:48 | Build | Settlement |
| 14:13 | Build | Blacksmith |
| 14:15 | Build | House |
| 14:19 | Create | Archer |
| 14:30 | Create | Archer |
| 14:36 | Create | Villager (Male) |
| 14:38 | Build | Farm |
| 14:39 | Build | Farm |
| 14:46 | Build | Farm |
| 14:46 | Build | Farm |
| 14:56 | Create | Archer |
| 15:02 | Build | Farm |
| 15:10 | Research | Fletching |
| 15:12 | Build | House |
| 15:19 | Create | Villager (Male) |
| 15:22 | Create | Archer |
| 15:33 | Build | Farm |
| 15:34 | Build | Farm |
| 15:36 | Create | Villager (Male) |
| 15:37 | Create | Archer |
| 15:40 | Build | Palisade Wall |
| 15:48 | Build | Farm |
| 16:23 | Create | Villager (Male) |
| 16:23 | Create | Archer |
| 16:23 | Create | Archer |
| 16:26 | Build | Barracks |
| 16:29 | Create | Villager (Male) |
| 16:38 | Create | Unit 2550 |
| 16:38 | Create | Unit 2550 |
| 16:39 | Create | Villager (Male) |
| 16:54 | Research | Tech 1402 |
| 16:54 | Research | Tech 1402 |
| 17:02 | Build | Settlement |
| 17:04 | Create | Archer |
| 17:15 | Create | Villager (Male) |
| 17:25 | Build | Farm |
| 17:26 | Build | Farm |
| 17:35 | Create | Unit 2550 |
| 17:35 | Create | Unit 2550 |
| 17:49 | Create | Archer |
| 17:58 | Build | Watch Tower |
| 18:05 | Create | Unit 2550 |
| 18:05 | Create | Unit 2550 |
| 18:09 | Build | House |
| 18:11 | Build | House |
| 18:15 | Build | House |
| 18:23 | Research | Forging |
| 18:24 | Research | Forging |
| 18:45 | Create | Villager (Male) |
| 18:50 | Build | Farm |
| 18:59 | Create | Villager (Male) |
| 19:18 | Create | Archer |
| 19:21 | Create | Unit 2550 |
| 19:21 | Create | Unit 2550 |
| 19:27 | Build | Farm |
| 19:28 | Build | Farm |
| 19:28 | Build | Farm |
| 19:36 | Create | Villager (Male) |
| 19:54 | Build | Farm |
| 20:38 | Create | Villager (Male) |
| 20:47 | Create | Archer |
| 20:51 | Build | Market |
| 21:12 | Create | Villager (Male) |
| 21:13 | Create | Unit 2550 |
| 21:13 | Create | Unit 2550 |
| 21:22 | Create | Villager (Male) |
| 21:24 | Build | Farm |
| 21:25 | Build | Farm |
| 21:38 | Create | Unit 2550 |
| 21:39 | Create | Unit 2550 |
| 21:39 | Create | Villager (Male) |
| 21:42 | Build | Barracks |
| 21:43 | Create | Villager (Male) |
| 21:47 | Build | Settlement |
| 21:54 | Research | Scale Mail Armor |
| 21:54 | Research | Scale Mail Armor |
| 21:57 | Create | Unit 2550 |
| 21:57 | Create | Unit 2550 |
| 21:58 | Create | Archer |
| 21:58 | Create | Archer |
| 22:12 | Create | Villager (Male) |
| 22:13 | Create | Villager (Male) |
| 22:43 | Create | Villager (Male) |
| 22:45 | Build | Farm |
| 22:46 | Build | Farm |
| 22:47 | Build | Farm |
| 22:54 | Create | Unit 2550 |
| 22:54 | Create | Unit 2550 |
| 23:22 | Create | Villager (Male) |
| 23:28 | Build | Farm |
| 24:37 | Research | Castle Age |
| 24:37 | Research | Castle Age |
| 24:50 | Create | Unit 2550 |
Match timeline
| 7:00 | avlid · wall_segment Palisade Wall x1 |
| 7:05 | avlid · wall_segment Palisade Wall x1 |
| 8:33 | avlid · first_building Barracks |
| 8:36 | tomyam · first_building Barracks |
| 8:46 | avlid · wall_segment Palisade Wall x1 |
| 9:04 | avlid · wall_segment Palisade Wall x1 |
| 10:00 | avlid · age_up feudal |
| 10:02 | avlid · first_building Stable |
| 10:16 | tomyam · age_up feudal |
| 10:19 | tomyam · first_building Archery Range |
| 10:33 | avlid · wall_segment Palisade Wall x1 |
| 10:48 | tomyam · wall_segment Palisade Wall x11 |
| 11:10 | tomyam · wall_segment Palisade Wall x3 |
| 11:12 | tomyam · wall_segment Palisade Wall x5 |
| 13:06 | avlid · first_building Archery Range |
| 13:33 | tomyam · wall_segment Palisade Wall x1 |
| 15:14 | avlid · wall_segment Palisade Wall x1 |
| 15:18 | avlid · wall_segment Palisade Wall x1 |
| 15:19 | avlid · wall_segment Palisade Wall x1 |
| 15:40 | tomyam · wall_segment Palisade Wall x1 |
| 22:07 | avlid · wall_segment Palisade Wall x9 |
| 22:10 | avlid · wall_segment Palisade Wall x7 |
| 22:43 | avlid · first_market_sell 100 stone |
| 22:44 | avlid · first_market_buy 100 food |
| 23:26 | avlid · wall_segment Palisade Wall x1 |
| 23:29 | avlid · wall_segment Palisade Wall x1 |
| 23:35 | avlid · wall_segment Palisade Wall x1 |
| 23:48 | tomyam · first_market_buy 100 food |
| 25:42 | avlid · age_up castle |
| 26:58 | avlid · wall_segment Palisade Wall x1 |
| 27:01 | avlid · wall_segment Palisade Wall x1 |
| 27:03 | avlid · wall_segment Palisade Wall x1 |
| 27:17 | tomyam · age_up castle |
| 27:25 | avlid · first_building Monastery |
| 27:36 | avlid · wall_segment Palisade Wall x7 |
| 27:40 | avlid · wall_segment Palisade Wall x4 |
| 27:42 | avlid · wall_segment Palisade Wall x5 |
| 29:14 | tomyam · first_building Monastery |
| 30:45 | avlid · wall_segment Palisade Wall x1 |
| 32:46 | avlid · first_building Siege Workshop |
| 32:53 | avlid · wall_segment Palisade Wall x1 |
| 37:52 | tomyam · first_building Siege Workshop |
| 38:54 | avlid · first_building Castle |
| 40:00 | avlid · wall_segment Palisade Wall x1 |
| 40:04 | tomyam · first_market_sell 100 food |
| 41:27 | tomyam · first_building Castle |
| 43:51 | tomyam · age_up imperial |
| 46:08 | avlid · age_up imperial |
| 52:51 | tomyam · resign |
[ AI ANALYSIS · 1 CREDIT ]
What really happened in this match?
Wolo.gg analyzes every decision: build order, eco, micro, common mistakes by bracket. Personalized analysis on WhatsApp or Discord in 30 seconds.
Civ guide
Huns
Perfil
Avlid